 Dungeon Crawl Stone Soup version 0.28.0-45-g0d030f2227 (webtiles) character file.

Game seed: 395330924255766513

100804 pkoi the Marksdemigod (level 15, -7/118 HPs)
             Began as a Demigod Gladiator on Apr 19, 2022.
             Killed from afar by a shock serpent (16 damage)
             ... with an electric aura
             ... on level 1 of the Snake Pit on Apr 20, 2022.
             The game lasted 01:06:44 (35878 turns).

pkoi the Marksdemigod (Demigod Gladiator)          Turns: 35878, Time: 01:06:45

Health: -7/118     AC: 18    Str: 25    XL:     15   Next: 36%
Magic:  25/27      EV: 17    Int: 22    God:
Gold:   2204       SH:  5    Dex: 19    Spells: 14/24 levels left

rFire   . . .      SeeInvis .   b - +8 storm bow {elec, penet}
rCold   . . .      Faith    .   (shield currently unavailable)
rNeg    . . .      Spirit   .   G - +0 steam dragon scales
rPois   +          Reflect  +   a - +0 hat {Will+}
rElec   .          Harm     .   (no cloak)
rCorr   .          Rampage  .   K - +1 pair of gloves
Will    ++...                   Y - +1 pair of boots "Lyjorargh" {Str+6}
Stlth   +++.......              l - amulet of reflection
HPRegen 0.29/turn               g - ring of the Tortoise {AC+8}
MPRegen 0.20/turn               p - ring of poison resistance

@: liquefying, slowed movement, very slow
A: high MP 1, forlorn, divine attributes
a: no special abilities


You were on level 1 of the Snake Pit.
You visited 4 branches of the dungeon, and saw 23 of its levels.

You collected 2508 gold pieces.
You spent 304 gold pieces at shops.

Inventory:

Hand Weapons
 b - the +8 storm bow (weapon) {elec, penet}
   (You acquired it on level 6 of the Dungeon)

   Any ammunition fired from it occasionally discharges a powerful burst of
   electricity upon striking a foe.
   Any ammunition fired by it passes through the targets it hits, potentially
   hitting all targets in its path until it reaches maximum range.
 e - a +0 spectral rapier
 n - a +2 dagger of venom
 v - a +6 flail of holy wrath
 x - a +0 dagger of venom
Missiles
 c - 4 throwing nets
 d - 19 javelins
 w - 37 poisoned darts
 z - 629 arrows (quivered ammo)
 Q - 9 curare-tipped darts
Armour
 a - a +0 hat of willpower (worn)
 G - +0 steam dragon scales (worn)
 K - a +1 pair of gloves (worn)
 Y - the +1 pair of boots "Lyjorargh" (worn) {Str+6}
   (You bought it in a shop on level 2 of the Orcish Mines)

   Str:       It affects your strength (+6).
Jewellery
 g - the ring of the Tortoise (left hand) {AC+8}
   (You took it off an orc on level 6 of the Dungeon)

   [ring of protection]

   AC:        It affects your AC (+8).
 l - an amulet of reflection (around neck)
 p - a ring of poison resistance (right hand)
 B - a ring of resist corrosion
 N - a ring of flight
 T - a ring of positive energy
 V - a ring of protection from fire
 W - a ring of protection from cold
Wands
 i - a wand of charming (8)
 m - a wand of acid (3)
 u - a wand of flame (60)
 C - a wand of paralysis (26)
 D - a wand of iceblast (10)
 L - a wand of digging (6)
 S - a wand of polymorph (21)
Scrolls
 j - 3 scrolls of fog
 k - 3 scrolls of identify
 t - a scroll of blinking
 E - 9 scrolls of teleportation
 F - 3 scrolls of enchant weapon
 I - a scroll of silence
 J - 2 scrolls of magic mapping
 M - 2 scrolls of amnesia
 O - 4 scrolls of fear
 P - a scroll of acquirement
 U - 2 scrolls of summoning
 X - 2 scrolls of enchant armour
Potions
 f - 2 potions of might
 h - 2 potions of heal wounds
 o - 3 potions of berserk rage
 q - 5 potions of curing
 r - 3 potions of brilliance
 s - 3 potions of ambrosia
 A - 3 potions of flight
 H - 5 potions of haste
 R - 2 potions of mutation


   Skills:
 + Level 7.4 Fighting
 * Level 17.9 Bows
 - Level 1.7 Throwing
 + Level 5.5 Armour
 + Level 7.9 Dodging
 - Level 3.0 Stealth
 - Level 10.2 Unarmed Combat
 + Level 5.3 Spellcasting
 - Level 6.0 Conjurations
 + Level 5.6 Hexes
 - Level 6.0 Transmutations
 + Level 1.0 Earth Magic


You had 14 spell levels left.
You knew the following spells:

 Your Spells              Type           Power      Damage    Failure   Level
a - Slow                  Hex            100%       N/A       1%          1
b - Irradiate             Conj/Tmut      16%        3d18      22%         5
c - Leda's Liquefaction   Hex/Erth       10%        N/A       24%         4

Your spell library contained the following spells:

 Spells                   Type           Power      Damage    Failure   Level
 Beastly Appendage        Tmut           64%        N/A       1%          1
 Magic Dart               Conj           100%       1d8       1%          1
 Wereblood                Tmut           32%        N/A       1%          2
 Sting                    Tmut/Pois      76%        1d6       2%          1
 Dazzling Flash           Conj/Hex       62%        N/A       2%          3
 Confusing Touch          Hex            30%        N/A       3%          3
 Ensorcelled Hibernation  Hex/Ice        36%        N/A       4%          2
 Spider Form              Tmut/Pois      19%        N/A       9%          3
 Portal Projectile        Hex/Tloc       36%        N/A       10%         3
 Mephitic Cloud           Conj/Pois/Air  14%        N/A       13%         3
 Call Imp                 Summ           5%         N/A       14%         2
 Corpse Rot               Necr/Air       10%        N/A       14%         2
 Poisonous Vapours        Pois/Air       10%        N/A       14%         2
 Blade Hands              Tmut           16%        N/A       22%         5
 Call Canine Familiar     Summ           5%         N/A       28%         3
 Gell's Gravitas          Tloc           5%         N/A       28%         3
 Teleport Other           Tloc           5%         N/A       28%         3
 Vampiric Draining        Necr           5%         2d6       28%         3
 Hailstorm                Conj/Ice       19%        3d6       28%         4
 Ice Form                 Ice/Tmut       19%        N/A       28%         4
 Anguish                  Hex/Necr       9%         N/A       30%         4
 Animate Armour           Summ/Erth      16%        N/A       61%         4
 Silence                  Hex/Air        9%         N/A       65%         5
 Animate Dead             Necr           2%         N/A       67%         4
 Olgreb's Toxic Radiance  Pois           5%         N/A       67%         4
 Agony                    Necr           5%         N/A       95%         5
 Iron Shot                Conj/Erth      10%        9d3       98%         6
 Dispersal                Tloc           2%         N/A       100%        6
 Simulacrum               Ice/Necr       2%         N/A       100%        6
 Dragon Form              Tmut           16%        N/A       100%        7
 Haunt                    Necr/Summ      2%         N/A       100%        7
 Infestation              Necr           2%         N/A       100%        8


Dungeon Overview and Level Annotations

Branches:
Dungeon (14/15)            Temple (0/1) D:7            Lair (6/6) D:11
 Shoals (0/4) Lair:3        Snake (1/4) Lair:2        Slime (0/5) Lair:6
    Orc (2/2) D:10            Elf (0/3) Orc:2        Vaults (0/5) D:14

Shops:
D:9 =   D:10 (   D:11 :   Orc:1 (   Orc:2 ((=[

Annotations:
D:14 3 runed translucent doors, Jingleheimer's ghost, journeyman FoFi
Lair:2 2 transporters, ShadowYui's ghost, journeyman MiBe
Lair:6 1 runed translucent door


Innate Abilities, Weirdness & Mutations

You have an increased reservoir of magic. (+10% MP)
You shall have no god before yourself.
Your divine heritage dramatically boosts your attributes as you level up.


Message History

The bolt of electricity hits you!!
* * * LOW HITPOINT WARNING * * *
Your Earth Magic skill increases to level 1!
Blink to where?
Press: ? - help, Dir - move target
As you read the scroll of blinking, it crumbles to dust.
Fire: 634 arrows
Press: ? - help, Q - select action, (/) - cycle Shift-Dir - straight line, f - shock serpent
Aim: a shock serpent (64% to hit)
You shoot an arrow.
The arrow pierces through the shock serpent.
The shock serpent is lightly wounded.
Fire: 633 arrows
Press: ? - help, Q - select action, (/) - cycle Shift-Dir - straight line, f/p - shock serpent
Aim: a shock serpent (lightly wounded, 64% to hit)
You shoot an arrow. The arrow misses the shock serpent.
Unknown command.
Fire: 632 arrows
Press: ? - help, Q - select action, (/) - cycle Shift-Dir - straight line, f - black mamba, p - shock serpent
Aim: a black mamba (heavily wounded, 64% to hit)
You shoot an arrow.
The arrow closely misses the shock serpent.
The arrow pierces through the black mamba!!
Lightning courses through the black mamba!
You kill the black mamba!
Fire: 631 arrows
Press: ? - help, Q - select action, (/) - cycle Shift-Dir - straight line, f - shock serpent
Aim: a shock serpent (lightly wounded, 64% to hit)
You shoot an arrow.
The arrow barely misses the shock serpent.
Unknown command.
Fire: 630 arrows
Press: ? - help, Q - select action, (/) - cycle Shift-Dir - straight line, f - naga warrior, p - shock serpent
Aim: a naga warrior, wielding a +0 dire flail (75% to hit)
You shoot an arrow.
The arrow pierces through the shock serpent!!
The shock serpent is heavily wounded.
The arrow barely misses the naga warrior.
The shock serpent's electric aura discharges, shocking you!
You die...

.. .#.##### .........####
###.... #.......### ###.....#
#.........##
....#.#.###.......|..##
....#.##............##
#.#........)........## .
##....###@............##
....##...#..S..#######).....#
(.S.N).N(..#####.....###....##
....(S.###.###.........##.)..#
#...(.. #.##...........##...#
#.....# #.#.............#...##
...... .##.............##)..#
....## ##.......#...#...#...#
.... #.......#...#.>.#...#


You could see a naga warrior and a shock serpent.

Vanquished Creatures
  Gastronok (Lair:3)
  Donald (Snake:1)
  A fire giant (D:12)
  A fire dragon (Lair:6)
  6 hydras
  Erica (Orc:1)
  3 naga warriors (Snake:1)
  A boulder beetle (D:11)
  An ogre mage (D:14)
  Erolcha (D:13)
  3 anacondas (Snake:1)
  13 death yaks
  8 two-headed ogres
  5 centaur warriors
  Urug (Orc:1)
  3 orc high priests (Orc:2)
  A naga sharpshooter (Snake:1)
  Sonja (Lair:2)
  11 skeletal warriors
  A naga ritualist (Snake:1)
  A swamp dragon (Lair:6)
  2 lindwurms (Lair:6)
  A necromancer (Lair:2)
  An obsidian statue (Lair:2)
  5 orc knights
  A deep elf pyromancer (D:12)
  3 ugly things
  5 orc sorcerers
  5 cyclopes
  3 manticores
  2 salamanders (Snake:1)
  10 black mambas
  10 elephants
  A guardian serpent (Snake:1)
  A merfolk siren (Lair:3)
  Maggie (D:6)
  A gargoyle (D:11)
  12 cane toads
  6 rime drakes (Lair:6)
  A torpor snail (Lair:6)
  A komodo dragon (shapeshifter) (D:14)
  3 efreet
  4 yaktaurs (D:14)
  5 kobold demonologists
  6 komodo dragons
  5 trolls
  A polar bear (Lair:4)
  A hornet (D:10)
  Grinder (D:3)
  17 blink frogs
  16 slime creatures
  12 dream sheep
  Sigmund (D:3)
  A wyvern (D:8)
  Eustachio (D:4)
  22 yaks
  A vampire (D:13)
  A wraith (D:6)
  5 basilisks
  5 steam dragons
  16 vampire mosquitoes
  2 acid dragons
  3 nagas (Snake:1)
  14 water moccasins
  Edmund (D:5)
  Duvessa (D:4)
  A sky beast (D:7)
  Pargi (D:3)
  32 orc warriors
  An ice beast (D:6)
  A hornet zombie (D:6)
  7 ogres
  2 necrophages
  28 wolves
  2 lemures (D:4)
  A phantom (D:5)
  20 centaurs
  7 kobold brigands
  12 bullfrogs
  2 scorpions
  A gnoll sergeant (D:7)
  A wyvern zombie (D:6)
  A water moccasin zombie (D:5)
  Dowan (D:4)
  11 killer bees
  10 wights (D:9)
  2 electric eels
  A howler monkey (D:7)
  A lava snake (D:12)
  7 centaur zombies
  A crimson imp (D:5)
  A bullfrog zombie (D:6)
  14 orc priests
  4 centaur skeletons
  2 jellies
  A gnoll shaman (D:7)
  4 hounds (D:11)
  A bullfrog skeleton (D:2)
  9 iguanas
  26 orc wizards
  A scorpion zombie (D:5)
  A yak simulacrum (Lair:2)
  2 hell rats (Lair:3)
  3 polar bear simulacra (Lair:2)
  A killer bee zombie (D:8)
  5 wolf simulacra (Lair:2)
  A howler monkey zombie (D:11)
  Robin (D:3)
  3 adders
  8 gnolls
  9 river rats (Lair:3)
  A white imp (D:5)
  An ufetubus (D:7)
  A worm (D:4)
  A dart slug (D:5)
  73 orcs
  3 ball pythons
  7 bats
  10 endoplasms
  5 giant cockroaches
  13 goblins
  12 hobgoblins
  2 jackals (D:1)
  16 kobolds
  2 quokkas
  4 frilled lizards
  6 rats
  2 river rat simulacra (Lair:2)
692 creatures vanquished.

Vanquished Creatures (collateral kills)
  Pikel (D:4)
  A lemure (D:4)
2 creatures vanquished.

Vanquished Creatures (others)
  3 orc priests (Orc:2)
  19 fungi
  47 plants
  6 withered plants (D:2)
75 creatures vanquished.

Grand Total: 769 creatures vanquished

Notes
Turn   | Place    | Note
-------+----------+-------------------------------------------
     0 | D:1      | pkoi the Demigod Gladiator began the quest for the Orb.
     0 | D:1      | Reached XP level 1. HP: 17/17 MP: 3/3
   616 | D:1      | Reached XP level 2. HP: 12/24 MP: 4/4
  1540 | D:2      | Reached XP level 3. HP: 19/29 MP: 5/5
  3032 | D:2      | Reached XP level 4. HP: 26/36 MP: 6/6
  3800 | D:3      | Noticed Robin
  4353 | D:3      | Killed Robin
  4541 | D:3      | Reached skill level 5 in Unarmed Combat
  4688 | D:3      | Noticed Grinder
  4689 | D:3      | Paralysed by Grinder for 3 turns
  4698 | D:3      | Paralysed by Grinder for 3 turns
  5049 | D:3      | Paralysed by Grinder for 3 turns
  5058 | D:3      | Paralysed by Grinder for 2 turns
  5061 | D:3      | Killed Grinder
  5062 | D:3      | Reached XP level 5. HP: 31/41 MP: 7/7
  5062 | D:3      | Reached XP level 6. HP: 36/48 MP: 8/8
  5179 | D:3      | Noticed Sigmund
  5202 | D:4      | Noticed Dowan
  5205 | D:4      | Noticed Duvessa
  5299 | D:4      | Killed Dowan
  5437 | D:4      | Killed Duvessa
  5744 | D:4      | Reached XP level 7. HP: 45/55 MP: 9/9
  6091 | D:4      | Noticed Eustachio
  6127 | D:3      | Killed Sigmund
  6151 | D:4      | Killed Eustachio
  6501 | D:5      | Entered Level 5 of the Dungeon
  6502 | D:5      | Noticed Pikel
  7569 | D:4      | Killed Pikel
  7570 | D:4      | Reached XP level 8. HP: 18/63 MP: 10/10
  8208 | D:5      | Learned a level 1 spell: Slow
  8357 | D:5      | Noticed Edmund
  8376 | D:5      | Killed Edmund
  8638 | D:5      | Reached skill level 1 in Hexes
  8888 | D:6      | Reached skill level 1 in Spellcasting
  9701 | D:6      | Reached skill level 10 in Unarmed Combat
  9756 | D:6      | Identified a scroll of acquirement
  9953 | D:3      | Noticed Pargi
  9965 | D:3      | Killed Pargi
 10255 | D:6      | Noticed Maggie
 10668 | D:6      | Reached XP level 9. HP: 23/69 MP: 14/14
 11248 | D:6      | Acquired the +8 storm bow {elec, penet}
 11248 | D:6      | Found the +8 storm bow {elec, penet}
 11703 | D:7      | Reached skill level 1 in Bows
 11788 | D:7      | Reached skill level 2 in Bows
 12151 | D:7      | Found a staircase to the Ecumenical Temple.
 12237 | D:7      | Reached skill level 3 in Bows
 12256 | D:7      | Learned a level 5 spell: Irradiate
 12873 | D:8      | Reached skill level 1 in Conjurations
 12873 | D:8      | Reached skill level 1 in Transmutations
 13460 | D:9      | Reached XP level 10. HP: 73/77 MP: 19/19
 13544 | D:9      | Found Umoumoemp's Jewellery Emporium.
 13916 | D:10     | Entered Level 10 of the Dungeon
 14221 | D:10     | Reached skill level 4 in Bows
 14434 | D:10     | Found Felia's Weapon Boutique.
 14437 | D:10     | Found a staircase to the Orcish Mines.
 14595 | D:10     | Reached skill level 5 in Dodging
 15172 | D:11     | Found a staircase to the Lair.
 15234 | D:11     | Noticed a two-headed ogre
 15243 | D:11     | Killed a two-headed ogre
 15345 | D:11     | Reached skill level 5 in Bows
 15460 | D:11     | Noticed a two-headed ogre
 15472 | D:11     | Killed a two-headed ogre
 15473 | D:11     | Reached skill level 5 in Fighting
 15473 | D:11     | Reached XP level 11. HP: 64/86 MP: 20/20
 15589 | D:11     | Noticed a boulder beetle
 15600 | D:11     | Killed a boulder beetle
 16191 | D:11     | Reached skill level 6 in Bows
 16248 | D:11     | Found Wakhuv's Book Emporium.
 16431 | Lair:1   | Entered Level 1 of the Lair of Beasts
 16815 | Lair:1   | Reached skill level 7 in Bows
 16860 | Lair:1   | Noticed a seven-headed hydra
 16870 | Lair:1   | Killed a seven-headed hydra
 17662 | Lair:1   | Reached skill level 8 in Bows
 17968 | Lair:2   | Noticed ShadowYui's ghost (journeyman MiBe)
 18108 | Lair:2   | Found a transporter.
 18179 | Lair:2   | Found a staircase to the Snake Pit.
 18365 | Lair:2   | Reached skill level 9 in Bows
 18798 | Lair:2   | Reached XP level 12. HP: 86/95 MP: 21/21
 19033 | Lair:2   | Noticed Sonja
 19041 | Lair:2   | Reached skill level 10 in Bows
 19041 | Lair:2   | Killed Sonja
 19454 | Lair:2   | Found a transporter.
 19830 | Lair:3   | Reached skill level 11 in Bows
 19894 | Lair:3   | Reached skill level 12 in Bows
 20066 | Lair:3   | Noticed Gastronok
 20077 | Lair:3   | Killed Gastronok
 20439 | Lair:3   | Reached skill level 13 in Bows
 20515 | Lair:3   | Reached skill level 1 in Stealth
 20731 | Lair:3   | Found a staircase to the Shoals.
 21364 | Lair:4   | Noticed a six-headed hydra
 21474 | Lair:4   | Reached XP level 13. HP: 102/102 MP: 22/22
 21985 | Lair:4   | Reached skill level 14 in Bows
 23166 | Lair:5   | Reached skill level 15 in Bows
 23671 | Lair:6   | Entered Level 6 of the Lair of Beasts
 24068 | Lair:6   | Found a runed translucent door.
 24071 | Lair:6   | Found a staircase to the Slime Pits.
 24886 | Lair:6   | Reached skill level 16 in Bows
 25959 | Lair:6   | Reached skill level 5 in Conjurations
 26454 | D:11     | Reached skill level 5 in Transmutations
 26519 | D:12     | Noticed a fire giant
 26526 | D:12     | Killed a fire giant
 26527 | D:12     | Reached XP level 14. HP: 108/108 MP: 24/24
 27252 | D:12     | Reached skill level 5 in Hexes
 27815 | D:12     | You fall into a shaft and drop 2 floors!
 27931 | D:14     | Reached skill level 5 in Spellcasting
 28216 | D:14     | Found a gate to the Vaults.
 28440 | D:14     | Found a runed translucent gate.
 28441 | D:14     | Found a runed translucent gate.
 28447 | D:14     | Found a runed translucent gate.
 28447 | D:14     | Noticed a lich
 29338 | D:14     | Reached skill level 17 in Bows
 29654 | D:14     | Identified the +6 quarterstaff of Emetwaolay {speed, Str-2
                  | Int+5}
 29752 | D:14     | Noticed Jingleheimer's ghost (journeyman FoFi)
 29753 | D:14     | Noticed a lich
 29753 | D:14     | Noticed a lich
 29754 | D:14     | Noticed a lich
 30530 | D:13     | Noticed Erolcha
 30546 | D:13     | Killed Erolcha
 32216 | Orc:1    | Entered Level 1 of the Orcish Mines
 32672 | Orc:1    | Found Capriwaw's Antique Weapon Shop.
 32697 | Orc:2    | Entered Level 2 of the Orcish Mines
 32697 | Orc:2    | Noticed Urug
 32711 | Orc:1    | Killed Urug
 33130 | Orc:2    | Found a staircase to the Elven Halls.
 33614 | Orc:2    | Reached XP level 15. HP: 97/117 MP: 27/27
 33964 | Orc:2    | Found Cirukkam's Antique Armour Shop.
 33964 | Orc:2    | Found Ruuruqim's Antique Weapon Emporium.
 33975 | Orc:2    | Found Atawnuid's Jewellery Shop.
 33975 | Orc:2    | Found Dagium's Weapon Emporium.
 33992 | Orc:2    | Bought a pair of faintly humming boots for 304 gold pieces
 33992 | Orc:2    | Identified the +1 pair of boots "Lyjorargh" {Str+6} (You
                  | bought it in a shop on level 2 of the Orcish Mines)
 34315 | Orc:1    | Noticed Erica
 34321 | Orc:1    | Killed Erica
 34322 | Orc:1    | Reached skill level 5 in Armour
 34506 | D:6      | Killed Maggie
 34934 | Snake:1  | Entered Level 1 of the Snake Pit
 35207 | Snake:1  | Learned a level 4 spell: Leda's Liquefaction
 35860 | Snake:1  | Noticed Donald
 35872 | Snake:1  | Killed Donald
 35873 | Snake:1  | Reached skill level 1 in Earth Magic
 35878 | Snake:1  | Killed from afar by a shock serpent

Illustrated notes

Levels and vault maps discovered:
D:1:      mrwooster_arrival_statue_2, layout_rooms,
          chequers_serial_rivers_small_b
D:2:      layout_loops_corners, ebering_ecumenical_altar_petrified
D:3:      layout_loops_cross, uniq_sigmund, uniq_robin, uniq_pargi, uniq_grinder
D:4:      layout_basic, uniq_duvessa, uniq_eustachio
D:5:      layout_rooms, minmay_misc_feat_four_crosses, minmay_fire_ice_demons,
          uniq_pikel, uniq_edmund
D:6:      layout_basic, serial_corexii_hall, corexii_hall_statues_deadend,
          corexii_hall_statues_u, corexii_hall_statues_l,
          chequers_hall_statues_wall_a, chequers_serial_rivers_micro_a,
          minmay_crossroads, uniq_maggie
D:7:      minmay_skewed_foursquare, layout_basic, minmay_temple_entry_overgrown,
          minmay_misc_feat_tiny, minmay_a_box_with_orc_wizards_in_it
D:8:      layout_gridville, mainiacjoe_overflow_large_starburst
D:9:      layout_basic, serial_shops, nicolae_shop_trees
D:10:     layout_gridville, orc_david_3
D:11:     layout_irregular_city, erik_lair_island, serial_shops,
          nicolae_shop_hallway_plus, minmay_between
D:12:     layout_stronghold, kennysheep_island_fort
D:13:     layout_grid_maze, uniq_erolcha
D:14:     layout_layer_cave, hangedman_vaults_entry_quadrant_bands,
          gammafunk_ghost_crypt
Lair:1:   layout_regular_city, infiniplex_staircase_pool, grunt_megastairs_2
Lair:2:   statuecave_lemuel, layout_misc_corridors, dummy_snake_entry,
          gammafunk_ghost_berserking_beasts, columned_hall_lemuel,
          cheibrodos_lair_caveside_slide, eino_house_with_fridge, uniq_sonja
Lair:3:   layout_cave_pods, minmay_shoals_entry_lonely_mermaid,
          kennysheep_rathole, uniq_gastronok
Lair:4:   wander_river, layout_regular_city, infiniplex_staircase_pool_2
Lair:5:   layout_long_grid
Lair:6:   hangedman_lair_in_review, layout_gridlike, guppyfry_lair_end_dragon,
          slime_altar_2, lemuel_fruit_tree, serial_bayou_shore_b
Snake:1:  layout_misc_corridors, nicolae_large_snake_swirl, uniq_donald
Orc:1:    layout_diamond_mine, serial_shops, nicolae_lakefront_shop, uniq_erica
Orc:2:    grunt_orc_tribal_feast, layout_diamond_mine, uniq_urug

Skill      XL: |  1  2  3  4  5  6  7  8  9 10 11 12 13 14 15 |
---------------+----------------------------------------------+-----
Fighting       | 2 3 5 6 7 |  7.4
Unarmed Combat | 3 4 5 7 9 10 | 10.2
Dodging        | 3 4 5 6 7 |  7.9
Armour         | 2 3 4 5 |  5.5
Hexes          | 1 4 5 |  5.6
Spellcasting   | 1 3 4 5 |  5.3
Bows           | 3 5 9 13 16 17 | 17.9
Conjurations   | 1 4 5 6 |  6.0
Transmutations | 1 4 5 6 |  6.0
Stealth        | 3 |  3.0
Earth Magic    | 1 |  1.0
Throwing       | |  1.7

Action                   |  1- 3 |  4- 6 |  7- 9 | 10-12 | 13-15 || total
-------------------------+-------+-------+-------+-------+-------++-------
Melee: Unarmed           |   133 |   141 |   264 |   312 |    27 ||   877
       Punch             |     3 |     4 |    21 |    29 |     3 ||    60
       Rapier            |       |    26 |    26 |       |       ||    52
       Flail             |       |       |     3 |       |       ||     3
 Fire: Longbow           |       |       |    87 |   358 |  1061 ||  1506
Throw: Throwing net      |       |     1 |       |       |       ||     1
 Cast: Leda's Liquefacti |       |       |       |       |     1 ||     1
Evoke: Wand              |       |       |     3 |     2 |     3 ||     8
  Use: Scroll            |     3 |     3 |    15 |     5 |     4 ||    30
 Stab: Sleeping          |     1 |       |       |     1 |       ||     2
       Distracted        |       |       |     3 |       |       ||     3
Armor: Leather armour    |    25 |       |       |       |       ||    25
       Plate armour      |    32 |   121 |   156 |       |       ||   309
       Steam dragon scal |       |       |    29 |   172 |    54 ||   255
Dodge: Dodged            |    68 |    42 |   112 |   307 |   167 ||   696
Block: Other             |       |     2 |    62 |   103 |    53 ||   220
       Reflection        |       |       |     3 |     5 |    11 ||    19
